 Dungeon Crawl Stone Soup version 0.31-a0-455-g1a7b003ef0 (webtiles) character file.

Game seed: 5142280429656933995

312 ytrimaz the Ruffian (level 6, 0/48 HPs)
             Began as a Demonspawn Shapeshifter on Aug 3, 2023.
             Slain by an iguana (10 damage)
             ... on level 4 of the Dungeon.
             The game lasted 00:03:34 (3305 turns).

ytrimaz the Ruffian (Demonspawn Shapeshifter)       Turns: 3305, Time: 00:03:34

Health: 0/48       AC:  9    Str: 17    XL:     6   Next: 18%
Magic:  6/6        EV: 12    Int:  9    God:
Gold:   169        SH:  5    Dex: 14    Spells: 5/5 levels left

rFire   . .          .
                       - Unarmed
rCold   + . .        (no shield)
rNeg    . . .        q - +1 robe of the Northern Lights {rC+}
rPois   .            (helmet currently unavailable)
rElec   .            (cloak currently unavailable)
rCorr   +            (gloves currently unavailable)
SInv    .            (boots currently unavailable)
Will    .....        t - amulet of reflection
Stlth   +            m - +4 ring of protection
HPRegen 0.28/turn    i - ring of resist corrosion
MPRegen 0.10/turn

%: reflection
@: beast-form
A: beast (slay +2), thin metallic scales 1, weakness stinger 1
a: Begin Untransformation


You were on level 4 of the Dungeon.
You were a hulking beast.
You visited 1 branch of the dungeon, and saw 4 of its levels.

You collected 169 gold pieces.


Innate Abilities, Weirdness & Mutations

You are a hulking beast.
Your limbs bulge with bestial killing power. (Slay +2)
You are partially covered in thin metallic scales. (AC +2)
You have a small tail.


   Skills:
 + Level 3.7 Fighting
 - Level 1.7 Dodging
 + Level 4.2 Unarmed Combat
 + Level 3.8 Shapeshifting


You had 5 spell levels left.
You didn't know any spells.
Your spell library contained the following spells:

 Spells                   Type           Power      Damage    Failure   Level
 Ensorcelled Hibernation  Hex/Ice        0%         N/A       52%         2
 Passwall                 Tmut/Erth      0%         N/A       52%         2
 Ignite Poison            Fire/Tmut/Pois 0%         N/A       77%         3
 Swiftness                Air            0%         N/A       77%         3
 Sticky Flame             Conj/Fire      0%         2d3       99%         4
 Ignition                 Fire           0%         3d3       100%        8

Inventory:

Armour
 q - the +1 robe of the Northern Lights (worn) {rC+}
   (You found it on level 3 of the Dungeon)

   rC:        It protects you from cold.
Jewellery
 e - a ring of protection from fire
   (You found it on level 1 of the Dungeon)
 i - a ring of resist corrosion (right hand)
   (You found it on level 2 of the Dungeon)
 m - a +4 ring of protection (left hand)
   (You found it on level 2 of the Dungeon)
 n - a +6 ring of dexterity
   (You found it on level 3 of the Dungeon)
 r - an amulet of faith
   (You found it on level 3 of the Dungeon)
 t - an amulet of reflection (around neck)
   (You found it on level 3 of the Dungeon)
Talismans
 c - a beast talisman (active)
Scrolls
 d - a scroll of fear
 h - 2 scrolls of noise
 k - a scroll of brand weapon {unknown}
 o - a scroll of poison {unknown}
 s - a scroll of blinking {unknown}
Potions
 b - a potion of lignification
 f - a potion of resistance {unknown}
 g - a potion of curing {unknown}
 j - 2 potions of enlightenment {unknown}
 l - a potion of heal wounds {unknown}
 p - a potion of attraction {unknown}

Dungeon Overview and Level Annotations

Branches:
Dungeon (4/15) Zot: 20699
 Temple: D:4-7

Altars:

############
#..........#
#..........+
############.##..#####
.....#.......##'##
.....#.......+...#
.....#....#..#.†.#
'###'#....#..###h#
.#......########l###
.#......#.......g..#
.#......#..........#
.#...†..#.....#######
##......#####'#.....#
....................#
....................#
....................#


You could see an iguana and a goblin.


Message History

You hit the adder.
You kill the adder! 😎 HP[+1]
You now have 48 max hp (+1).
Your hp is fully restored (48).
You see here an adder corpse.
Unknown command.
Key pressed, stopping explore.
No target in view!
You open the door.
There is an open door here.
You now have 169 gold pieces (gained 10).
You open the door.
An adder comes into view.
An adder is nearby!
An adder is nearby!
An adder is nearby!
An adder is nearby!
An iguana comes into view.
The iguana hisses angrily.
An adder comes into view.
There is an open door here.
The adder hisses angrily.
You hear a shout!
A goblin comes into view. It is wielding a +0 dagger.
The iguana bites you!
The adder hisses angrily. 😕 HP[-10]
You take 10 damage, and now have 38/48 hp.
MASSIVE DAMAGE!! (PAUSE)
The goblin shouts!
You hit the iguana. The iguana bites you. The adder misses you. 😮 HP[-3]
You take 3 damage, and now have 35/48 hp.
You are too injured to fight recklessly!
Unknown command.
You block the adder's attack. The iguana attacks as you move away!
The iguana misses you.
There is an open door here. 😮 HP[+1]
An iguana comes into view.
The adder bites you. The adder closely misses you. The iguana bites you!
* * * LOW HITPOINT WARNING * * *
The adder completely misses you.
The iguana moves out of view.
There is an open door, spattered with blood here. 😨 HP[-14]
You take 14 damage, and now have 22/48 hp.
MASSIVE DAMAGE!! (PAUSE)
The adder barely misses you. The adder bites you but does no damage.
The adder barely misses you. 😨 HP[+1]
The adder closely misses you. The adder attacks as you move away!
The adder barely misses you. 😨 HP[+1]
You punch the adder! The adder bites you but does no damage.
You completely miss the adder.
Your tail-slap misses the adder.
The adder bites you.
* * * LOW HITPOINT WARNING * * *
You are poisoned.
The adder poisons you! 😨 HP[-3]
You take 3 damage, and now have 21/48 hp.
You miss the adder.
You feel sick. The adder barely misses you. 😨 HP[-2]
You take 2 damage, and now have 19/48 hp.
You feel sick. The adder barely misses you. You block the adder's attack.
Unknown command.
You hit the adder.
Your tail-slap misses the adder.
The adder bites you but does no damage. The adder bites you.
* * * LOW HITPOINT WARNING * * *
You are more poisoned.
The adder poisons you! You block the adder's attack. 😨 HP[-2]
You take 2 damage, and now have 17/48 hp.
You hit the adder.
You kill the adder!
You feel sick. The adder barely misses you. 😨 HP[-2]
You take 2 damage, and now have 15/48 hp.
Unknown command.
You hit the adder.
You feel sick. You block the adder's attack. 😨 HP[-2]
You take 2 damage, and now have 13/48 hp.
You barely miss the adder.
You feel sick. The adder misses you.
You completely miss the adder.
Your tail-slap misses the adder.
You feel sick. The adder closely misses you. 😱 HP[-1]
You take 1 damage, and now have 12/48 hp.
You punch the adder!
You kill the adder!
You feel sick. 😱 HP[-1]
You take 1 damage, and now have 11/48 hp.
You hit the iguana but do no damage. You tail-slap the iguana!
The iguana completely misses you.
Unknown command.
You closely miss the iguana.
You feel sick. The iguana closely misses you.
You closely miss the iguana.
You feel sick.
You are no longer poisoned.
The iguana bites you!
You die...

Skill      XL: |  1  2  3  4  5 |
---------------+----------------+-----
Unarmed Combat | 3 4 |  4.2
Shapeshifting  | 3 |  3.8
Fighting       | 2 3 |  3.7
Dodging        | |  1.7

Action                     |  1- 3 |  4- 6 || total
---------------------------+-------+-------++-------
  Melee: Unarmed           |   126 |   118 ||   244
         Tailslap          |     9 |    18 ||    27
         Punch             |     3 |     3 ||     6
    Use: Scroll            |     3 |     1 ||     4
         Potion            |       |     1 ||     1
   Stab: Sleeping          |     4 |       ||     4
 Armour: Animal skin       |    28 |    19 ||    47
         Robe              |       |    25 ||    25
         Skin              |       |     1 ||     1
  Dodge: Dodged            |   108 |    75 ||   183
  Block: Other             |       |    16 ||    16

Levels and vault maps discovered:
D:1:      lightli_molten_gateway, layout_loops_ring
D:2:      layout_loops_ring, serial_rivers, chequers_serial_rivers_micro_e,
          chequers_serial_rivers_large_a, chequers_serial_rivers_small_a,
          chequers_serial_rivers_micro_e, uniq_crazy_yiuf_cottage
D:3:      layout_basic, minmay_joined_circles, uniq_terence
D:4:      gammafunk_wand_slinger, layout_gridville

Notes
Turn   | Place    | Note
-------+----------+-------------------------------------------
     0 | D:1      | ytrimaz the Demonspawn Shapeshifter began the quest for the
                  | Orb.
     0 | D:1      | Reached XP level 1. HP: 15/15 MP: 1/1
     0 | D:1      | magus.rc [v1.9.6]
   117 | D:1      | HP: 2/15 [jackal (3)]
   120 | D:1      | Gained mutation: You have a small tail. [demonic ancestry]
   120 | D:1      | Reached XP level 2. HP: 4/21 MP: 2/2
   487 | D:1      | Reached skill level 3 in Unarmed Combat
   531 | D:1      | You fall into a shaft and drop 1 floor!
   725 | D:1      | Reached skill level 3 in Shapeshifting
   783 | D:1      | Reached XP level 3. HP: 27/27 MP: 3/3
   786 | D:1      | You add the spells Ignite Poison, Sticky Flame and Ignition
                  | to your library.
   806 | D:1      | Reached skill level 2 in Fighting
  1896 | D:3      | Reached XP level 4. HP: 19/34 MP: 4/4
  1911 | D:3      | HP: 5/34 [gnoll/+0 spear (5)]
  2092 | D:3      | Gained mutation: You are partially covered in thin metallic
                  | scales. (AC +2) [demonic ancestry]
  2092 | D:3      | Reached XP level 5. HP: 36/40 MP: 5/5
  2115 | D:3      | Reached skill level 3 in Fighting
  2178 | D:3      | Identified the +1 robe of the Northern Lights {rC+}
  2221 | D:3      | You pick up a book of Burglary and begin reading...
  2221 | D:3      | You add the spells Passwall, Ensorcelled Hibernation and
                  | Swiftness to your library.
  2557 | D:3      | Noticed Terence
  2565 | D:3      | Killed Terence
  2946 | D:4      | Reached skill level 4 in Unarmed Combat
  2948 | D:4      | HP: 9/41 [poisoned by a scorpion]
  2952 | D:4      | Reached XP level 6. HP: 10/47 MP: 6/6
  2953 | D:4      | HP: 9/70 [poisoned by a scorpion]
  3301 | D:4      | HP: 12/48 [poisoned by an adder]
  3305 | D:4      | Slain by an iguana

Vanquished Creatures
  A scorpion (D:4)
  A hound (D:3)
  Terence (D:3)
  4 gnolls (D:3)
  8 adders
  3 orcs (D:3)
  7 endoplasms
  7 giant cockroaches
  4 goblins
  6 hobgoblins
  7 jackals
  2 quokkas (D:1)
  8 ball pythons
  8 bats
  3 frilled lizards
  5 kobolds
  8 rats
83 creatures vanquished.

Table legend:
 A = Non-vault XP
 B = Vault XP
 C = Vault XP percentage of total XP
 D = Non-vault monster count
 E = Vault monster count
 F = Vault count percentage of total count
                 A         B        C        D         E       F
            +---------+---------+-------+---------+---------+-------
      Total |     319 |     128 |  28.6 |      67 |      16 |  19.3
            +---------+---------+-------+---------+---------+-------
        D:1 |      43 |       0 |   0.0 |      26 |       0 |   0.0
        D:2 |      45 |       0 |   0.0 |      14 |       0 |   0.0
        D:3 |      88 |     128 |  59.3 |      21 |      16 |  43.2
        D:4 |     143 |       0 |   0.0 |       6 |       0 |   0.0
            +---------+---------+-------+---------+---------+-------

Skill      XL: |  1  2  3  4  5 |
---------------+----------------+-----
Unarmed Combat | 3 4 |  4.2
Shapeshifting  | 3 |  3.8
Fighting       | 2 3 |  3.7
Dodging        | |  1.7

Action                     |  1- 3 |  4- 6 || total
---------------------------+-------+-------++-------
  Melee: Unarmed           |   126 |   118 ||   244
         Tailslap          |     9 |    18 ||    27
         Punch             |     3 |     3 ||     6
    Use: Scroll            |     3 |     1 ||     4
         Potion            |       |     1 ||     1
   Stab: Sleeping          |     4 |       ||     4
 Armour: Animal skin       |    28 |    19 ||    47
         Robe              |       |    25 ||    25
         Skin              |       |     1 ||     1
  Dodge: Dodged            |   108 |    75 ||   183
  Block: Other             |       |    16 ||    16

Illustrated notes

Table legend:
 A = Kills in this place as a percentage of kills in the entire game.
 B = Kills by you in this place as a percentage of kills by you in the entire game.
 C = Kills by friends in this place as a percentage of kills by friends in the entire game.
 D = Other kills in this place as a percentage of other kills in the entire game.
 E = Experience gained in this place as a percentage of experience gained in the entire game.
 F = Experience gained in this place divided by the number of levels of this place that you have seen.
                   A       B       C       D       E      F
               +-------+-------+-------+-------+-------+----------------------
         Total | 100.0 | 100.0 |   N/A |   N/A | 100.0 | 111.8
       Dungeon | 100.0 | 100.0 |   N/A |   N/A | 100.0 | 111.8
               +-------+-------+-------+-------+-------+----------------------

Table legend: (Time is in decaauts)
 A = Elapsed time spent in this place.
 B = Non-inter-level travel time spent in this place.
 C = Inter-level travel time spent in this place.
 D = Time resting spent in this place.
 E = Time spent auto-exploring this place.
 F = Levels seen in this place.
 G = Mean time per level.
                   A        B        C        D        E       F      G
               +--------+--------+--------+--------+--------+-----+--------+
         Total |   3299 |   3197 |    102 |      0 |   2593 |   4 |  824.8 |
       Dungeon |   3299 |   3197 |    102 |      0 |   2593 |   4 |  824.8 |
               +--------+--------+--------+--------+--------+-----+--------+

Top non-repeatable levels by time:
     D:3: 1211 daAuts
     D:1: 910 daAuts
     D:2: 811 daAuts
     D:4: 365 daAuts
